cohdb
Replays
Latest Replays
All Replays
Popular Replays
Top Player Replays
Match Explorer
How It Works
Community
CoH3 Stats
Reddit
Sign in to upload your games and track your stats! →
Sign in with Steam
Match 40512984
Unlisted
Match 40512984
Overview
Messages
Build Orders
End
Construct Weapon Support Center
Construct Weapon Support Center
Engineer Squad
M1919 Machine Gun Team
Bazooka Squad
M1919 Machine Gun Team
M1919 Machine Gun Team
Mechanized Support Center
Selects Heavy Weapons
Selects M2HB .50cal Heavy Machine Gun
M3 Armored Personnel Carrier
Bazooka Squad
Selects Assault Carriers
M1919 Machine Gun Team
Construct Tank Depot
M4A1 Sherman Medium Tank
Salvage Crew
Selects Rapid Reposition
M4A1 Sherman Medium Tank
M4A1 Sherman Medium Tank
Forward Retreat Point
Selects Black Dragon Artillery Barrage
Black Dragon Artillery Barrage
M4A1 Sherman Medium Tank
M4A1 Sherman Medium Tank
Designate Forward Repair Station
Black Dragon Artillery Barrage
M4A1 Sherman Medium Tank
M4A1 76mm Conversion
Black Dragon Artillery Barrage
M4A1(76) Sherman Medium Tank
Haritm_船长
HelloFriends :D
wila
LittleFatty233
Serier13
Dr. Bosconovitch
Captain Song
Pleiades
0
0
Comments
sign in to comment!
No comments posted yet!